Vegas Golden Knights vs St.Louis Blues
(R1)
Created - Monday, June 3, 2024 at 07:00
Goals
|
| Vegas Golden Knights |
1 |
1 |
1 |
3 |
| St.Louis Blues |
1 |
3 |
0 |
4 |
|
Shots
|
| Vegas Golden Knights |
13 |
11 |
11 |
35 |
| St.Louis Blues |
7 |
24 |
3 |
34 |
|
1st period
1. Vegas Golden Knights , Joe Pavelski 22 (Chris Kreider 43, Reilly Smith 35) at 13:21 (PP)
2. St.Louis Blues , Jack Eichel 18 (Jake Guentzel 22, Alex Pietrangelo 30) at 19:56
Penalties :
Roman Josi (VGK) for Elbowing (Minor) at 2:01, Tage Thompson (STL) for Holding (Minor) at 12:41, Travis Hamonic (VGK) for Roughing (Minor) at 13:31
2nd period
3. St.Louis Blues , Robert Thomas 43 (Elias Pettersson 64) at 1:45
4. St.Louis Blues , Elias Pettersson 48 (Tage Thompson 43, Robert Thomas 60) at 4:06
5. St.Louis Blues , Nico Sturm 11 (Yanni Gourde 22, Lawson Crouse 18) at 13:24 (SH)
6. Vegas Golden Knights , Sean Couturier 17 (Marc-Edouard Vlasic 10) at 17:32 (SH)
Penalties :
Marc Staal (VGK) for Interference (Minor) at 4:14, Tage Thompson (STL) for Holding (Minor) at 7:25, Jake Guentzel (STL) for Hooking (Minor) at 12:52, Travis Hamonic (VGK) for Roughing (Minor) at 16:36
3rd period
7. Vegas Golden Knights , Shea Theodore 8 (Marc-Edouard Vlasic 11, Sean Couturier 23) at 14:39
Penalties :
Jordan Staal (VGK) for Hooking (Minor) at 0:12, Marc Staal (VGK) for Boarding (Minor) at 6:02, Shea Theodore (VGK) for Holding (Minor) at 12:35, Evander Kane (STL) for Holding (Minor) at 15:25
Goalie Stats
Alexandar Georgiev (VGK), 30 saves from 34 shots - (0.882), L, 34-21-4, 59:07 minutes
Scott Wedgewood (STL), 32 saves from 35 shots - (0.914), W, 15-5-2, 60:00 minutes
Players Stats for Vegas Golden Knights
Player Name G A P +/- PIM S H SB GA TA FO MP PP MP PK MP
------------------------------------------------------------------------------------
Alex Chiasson 0 0 0 -1 0 1 2 1 0 0 1/1 10:31 3:18 0:00
Chris Kreider 0 1 1 -4 0 6 1 0 0 0 1/3 16:13 3:16 0:28
Eric Staal 0 0 0 0 0 0 0 3 0 0 4/8 13:39 0:00 6:41
Jack Roslovic 0 0 0 0 0 1 1 1 0 0 1/1 13:59 3:21 0:00
Joe Pavelski 1 0 1 -4 0 5 2 1 0 0 3/4 17:35 3:16 0:00
John Marino 0 0 0 0 0 1 1 2 0 0 0/0 18:55 0:00 7:10
Jonathan Drouin 0 0 0 0 0 0 1 0 0 0 1/1 5:48 0:00 0:00
Jordan Staal 0 0 0 0 2 0 3 0 0 0 2/5 14:33 0:00 5:49
Marc Staal 0 0 0 2 4 0 2 0 0 1 0/0 15:42 0:00 4:30
Marc-Edouard Vlasic 0 2 2 1 0 3 1 1 0 0 0/0 17:53 0:00 6:43
Nikolaj Ehlers 0 0 0 0 0 1 0 0 2 1 0/0 14:09 3:21 0:00
Reilly Smith 0 1 1 0 0 1 2 0 0 0 0/0 13:59 3:16 0:45
Roman Josi 0 0 0 -2 2 2 0 0 2 2 0/0 19:23 3:19 0:00
Sean Couturier 1 1 2 2 0 2 2 1 0 1 15/25 21:16 3:21 7:03
Sean Monahan 0 0 0 -2 0 3 2 0 0 0 9/19 18:08 0:00 7:00
Shea Theodore 1 0 1 -2 2 4 0 0 0 2 0/0 23:21 3:18 4:17
Travis Hamonic 0 0 0 -1 4 0 1 1 0 0 0/0 15:58 0:00 5:06
Tyler Bertuzzi 0 0 0 0 0 5 1 0 0 0 1/2 14:58 3:19 0:00
Players Stats for St.Louis Blues
Player Name G A P +/- PIM S H SB GA TA FO MP PP MP PK MP
------------------------------------------------------------------------------------
Adam Pelech 0 0 0 0 0 0 1 1 0 0 0/0 11:59 0:00 3:26
Alex Pietrangelo 0 1 1 -2 0 5 1 1 0 1 0/0 24:42 5:43 0:00
Alex Tuch 0 0 0 -2 0 0 0 1 0 0 0/0 13:49 5:43 0:00
Andrew Copp 0 0 0 -1 0 0 2 0 0 0 1/3 10:40 0:10 3:28
Colton Parayko 0 0 0 1 0 2 0 4 0 0 0/0 19:17 0:00 3:11
Elias Pettersson 1 1 2 2 0 3 1 2 2 0 1/3 21:40 7:37 0:09
Evander Kane 0 0 0 -1 2 3 1 1 1 0 0/0 12:44 6:12 0:00
Jack Eichel 1 0 1 0 0 3 1 1 0 0 3/12 16:59 6:06 0:00
Jake Guentzel 0 1 1 1 2 3 1 0 1 0 0/1 18:18 7:13 0:00
Jake Sanderson 0 0 0 4 0 0 1 0 0 1 0/0 14:29 0:00 3:11
Lawson Crouse 0 1 1 -1 0 1 2 1 0 0 0/0 13:42 0:45 3:21
Mark Stone 0 0 0 0 0 1 0 0 0 0 0/1 16:39 5:55 0:00
Mikhail Sergachev 0 0 0 3 0 0 4 0 0 0 0/0 21:05 8:10 0:00
Nick Leddy 0 0 0 0 0 1 0 1 0 0 0/0 11:59 0:00 3:26
Nico Sturm 1 0 1 0 0 2 1 0 0 0 3/10 11:19 0:00 3:08
Robert Thomas 1 1 2 2 0 6 0 1 1 0 20/32 20:04 7:37 0:00
Tage Thompson 0 1 1 2 4 3 2 1 1 0 1/2 22:35 8:10 0:00
Yanni Gourde 0 1 1 1 0 1 0 0 1 2 2/5 11:19 0:04 3:08
3 Stars
1 - Elias Pettersson (STL)
2 - Sean Couturier (VGK)
3 - Robert Thomas (STL)
Power Play
Vegas Golden Knights - 1 on 4 Attempt(s) - 25.00%
St.Louis Blues - 0 on 7 Attempt(s) - 0.00%
Penalty Kill
Vegas Golden Knights - 7 on 7 Attempt(s) - 100.00%
- Score 1 goal in Penalty Kill
St.Louis Blues - 3 on 4 Attempt(s) - 75.00%
- Score 1 goal in Penalty Kill
Team Stat
Vegas Golden Knights - Hits : 22 - Faceoff Wins : 38 - Blocked Shots : 11 - Penalty Minutes : 14
St.Louis Blues - Hits : 18 - Faceoff Wins : 31 - Blocked Shots : 15 - Penalty Minutes : 8
Official
Referees : Brad Meier and Justin StPierre
Linesman : Brad Kovachik and Bryan Pancich
Game Notes
11:09 of 2nd period - Vegas Golden Knights goal is going for a video replay. After video review, No Goal. The net was displaced accidentally.
Finance
Level 1 -- Attendance: 4750 (79.17%) -- Ticket Income $460,750
Level 2 -- Attendance: 3915 (78.30%) -- Ticket Income $223,155
Level 3 -- Attendance: 2371 (79.03%) -- Ticket Income $80,614
Level 4 -- Attendance: 5000 (100.00%) -- Ticket Income $115,000
Luxury Box -- Attendance: 1000 (100.00%) -- Ticket Income $194,000
Game was played at the Scottrade Center.
Total Attendance: 17036 (85.18%)
Total Ticket Income: $1,073,519
Other Income: $375,732
Total Income: $1,449,251
Vegas Golden Knights
5 vs 5 Forward
Center Left Wing Right Wing Time % Phy DF OF
1 Sean Monahan Chris Kreider Joe Pavelski 35 1 2 2
2 Sean Couturier Nikolaj Ehlers Jack Roslovic 30 1 2 2
3 Jordan Staal Tyler Bertuzzi Reilly Smith 25 1 2 2
4 Eric Staal Jonathan Drouin Alex Chiasson 10 1 2 2
5 vs 5 Defense
Defense Defense Time % Phy DF OF
1 Roman Josi Shea Theodore 35 1 2 2
2 Marc Staal John Marino 30 1 2 2
3 Marc-Edouard Vlasic Travis Hamonic 25 1 2 2
4 Roman Josi Shea Theodore 10 1 2 2
PowerPlay Forward
Center Left Wing Right Wing Time % Phy DF OF
1 Joe Pavelski Chris Kreider Reilly Smith 50 1 2 2
2 Sean Couturier Nikolaj Ehlers Jack Roslovic 50 1 2 2
PowerPlay Defense
Defense Defense Time % Phy DF OF
1 Tyler Bertuzzi Roman Josi 50 1 2 2
2 Alex Chiasson Shea Theodore 50 1 2 2
Penalty Kill 4 Players Forward
Center Wing Time % Phy DF OF
1 Sean Couturier Sean Monahan 50 1 2 2
2 Eric Staal Jordan Staal 50 1 2 2
Penalty Kill 4 Players Defense
Defense Defense Time % Phy DF OF
1 John Marino Travis Hamonic 50 1 2 2
2 Marc-Edouard Vlasic Marc Staal 50 1 2 2
Penalty Kill - 3 Players Forward
Forward Time % Phy DF OF
1 Sean Couturier 50 1 2 2
2 Jordan Staal 50 1 2 2
Penalty Kill - 3 Players Defense
Defense Defense Time % Phy DF OF
1 John Marino Travis Hamonic 50 1 2 2
2 Eric Staal Marc Staal 50 1 2 2
4 vs 4 Forward
Center Wing Time % Phy DF OF
1 Joe Pavelski Chris Kreider 50 1 2 2
2 Jonathan Drouin Alex Chiasson 50 1 2 2
4 vs 4 Defense
Defense Defense Time % Phy DF OF
1 Roman Josi Shea Theodore 50 1 2 2
2 Marc-Edouard Vlasic John Marino 50 1 2 2
Last Minutes Offensive
Center Left Wing Right Wing Defense Defense
Joe Pavelski Chris Kreider Nikolaj Ehlers Roman Josi John Marino
Last Minutes Defensive
Center Left Wing Right Wing Defense Defense
Sean Couturier Jordan Staal Sean Monahan Marc Staal Travis Hamonic
Goaltenders
Starting : Alexandar Georgiev
Backup : Philipp Grubauer
Extra Forwards
Normal : Reilly Smith, Joe Pavelski, Chris Kreider - PP : Sean Monahan, Sean Couturier - PK : Reilly Smith
Extra Defensemen
Normal : John Marino, Roman Josi, Shea Theodore - PP : Marc Staal - PK : Shea Theodore, Roman Josi
Penalty Shots
Jack Roslovic, Sean Monahan, Joe Pavelski, Chris Kreider, Eric Staal
St.Louis Blues
5 vs 5 Forward
Center Left Wing Right Wing Time % Phy DF OF
1 Robert Thomas Elias Pettersson Tage Thompson 40 0 2 3
2 Jack Eichel Jake Guentzel Mark Stone 30 0 2 3
3 Yanni Gourde Alex Tuch Evander Kane 20 1 2 2
4 Nico Sturm Andrew Copp Lawson Crouse 10 1 3 1
5 vs 5 Defense
Defense Defense Time % Phy DF OF
1 Colton Parayko Alex Pietrangelo 45 1 2 2
2 Jake Sanderson Mikhail Sergachev 35 1 2 2
3 Nick Leddy Adam Pelech 20 1 2 2
4 Alex Pietrangelo Mikhail Sergachev 0 1 2 2
PowerPlay Forward
Center Left Wing Right Wing Time % Phy DF OF
1 Robert Thomas Elias Pettersson Jake Guentzel 60 1 0 4
2 Jack Eichel Evander Kane Mark Stone 40 1 0 4
PowerPlay Defense
Defense Defense Time % Phy DF OF
1 Tage Thompson Mikhail Sergachev 60 0 1 4
2 Alex Tuch Alex Pietrangelo 40 0 1 4
Penalty Kill 4 Players Forward
Center Wing Time % Phy DF OF
1 Nico Sturm Yanni Gourde 50 1 4 0
2 Andrew Copp Lawson Crouse 50 1 4 0
Penalty Kill 4 Players Defense
Defense Defense Time % Phy DF OF
1 Jake Sanderson Colton Parayko 50 1 4 0
2 Nick Leddy Adam Pelech 50 1 4 0
Penalty Kill - 3 Players Forward
Forward Time % Phy DF OF
1 Nico Sturm 50 0 5 0
2 Yanni Gourde 50 0 5 0
Penalty Kill - 3 Players Defense
Defense Defense Time % Phy DF OF
1 Jake Sanderson Colton Parayko 50 0 5 0
2 Adam Pelech Nick Leddy 50 0 5 0
4 vs 4 Forward
Center Wing Time % Phy DF OF
1 Robert Thomas Elias Pettersson 50 0 2 3
2 Jack Eichel Mark Stone 50 0 2 3
4 vs 4 Defense
Defense Defense Time % Phy DF OF
1 Alex Pietrangelo Colton Parayko 50 1 2 2
2 Mikhail Sergachev Jake Sanderson 50 1 2 2
Last Minutes Offensive
Center Left Wing Right Wing Defense Defense
Robert Thomas Elias Pettersson Jake Guentzel Tage Thompson Mikhail Sergachev
Last Minutes Defensive
Center Left Wing Right Wing Defense Defense
Nico Sturm Yanni Gourde Lawson Crouse Alex Pietrangelo Colton Parayko
Goaltenders
Starting : Scott Wedgewood
Backup : Connor Hellebuyck
Extra Forwards
Normal : Jack Eichel, Elias Pettersson, Lawson Crouse - PP : Jack Eichel, Elias Pettersson - PK : Elias Pettersson
Extra Defensemen
Normal : Jake Sanderson, Mikhail Sergachev, Colton Parayko - PP : Nick Leddy - PK : Jake Sanderson, Colton Parayko
Penalty Shots
Elias Pettersson, Tage Thompson, Jack Eichel, Alex Tuch, Robert Thomas
% Time on Ice - Vegas Golden Knights
Lines # - Real PCT - Wanted PCT - Time Play
Normal Forward
1 - 31% - 35% - 11:47
2 - 30% - 30% - 11:40
3 - 24% - 25% - 9:09
4 - 15% - 10% - 5:48
Normal Defense
1 - 39% - 35% - 14:52
2 - 32% - 30% - 12:22
3 - 25% - 25% - 9:25
4 - 5% - 10% - 1:45
PP Forward
1 - 49% - 50% - 3:16
2 - 51% - 50% - 3:21
PP Defense
1 - 50% - 50% - 3:19
2 - 50% - 50% - 3:18
PK Forward
1 - 51% - 50% - 7:03
2 - 49% - 50% - 6:50
PK Defense
1 - 52% - 50% - 7:10
2 - 48% - 50% - 6:43
PK3 Forward
1 - 0% - 50%
2 - 0% - 50%
PK3 Defense
1 - 0% - 50%
2 - 0% - 50%
44 Forward
1 - 0% - 50%
2 - 0% - 50%
44 Defense
1 - 0% - 50%
2 - 0% - 50%
Last Minute Offensive - 1:06
Last Minute Defensive - 0:00
Total
Forward - 60:00
Defense - 60:00
|
% Time on Ice - St.Louis Blues
Lines # - Real PCT - Wanted PCT - Time Play
Normal Forward
1 - 38% - 40% - 14:35
2 - 28% - 30% - 10:49
3 - 16% - 20% - 6:19
4 - 17% - 10% - 6:40
Normal Defense
1 - 44% - 45% - 16:46
2 - 35% - 35% - 13:29
3 - 18% - 20% - 7:01
4 - 3% - 0% - 1:07
PP Forward
1 - 56% - 60% - 7:44
2 - 44% - 40% - 6:09
PP Defense
1 - 59% - 60% - 8:10
2 - 41% - 40% - 5:43
PK Forward
1 - 48% - 50% - 3:09
2 - 52% - 50% - 3:28
PK Defense
1 - 48% - 50% - 3:11
2 - 52% - 50% - 3:26
PK3 Forward
1 - 0% - 50%
2 - 0% - 50%
PK3 Defense
1 - 0% - 50%
2 - 0% - 50%
44 Forward
1 - 0% - 50%
2 - 0% - 50%
44 Defense
1 - 0% - 50%
2 - 0% - 50%
Last Minute Offensive - 0:00
Last Minute Defensive - 1:07
Total
Forward - 60:00
Defense - 60:00
|
Play-by-Play
1st period
0:01 of 1st period - Sean Monahan wins face-off versus Robert Thomas in neutral zone.
0:03 of 1st period - Off-side.
0:04 of 1st period - Robert Thomas wins face-off versus Chris Kreider in neutral zone.
0:18 of 1st period - Off-side.
0:19 of 1st period - Sean Couturier wins face-off versus Jack Eichel in neutral zone.
0:46 of 1st period - Tyler Bertuzzi is hit by Mikhail Sergachev and loses puck.
1:26 of 1st period - Elias Pettersson is hit by Sean Monahan.
1:32 of 1st period - Snap shot by Elias Pettersson.
1:32 of 1st period - Shot Misses the Net.
2:01 of 1st period - Minor Penalty to Roman Josi for Elbowing.
2:02 of 1st period - Robert Thomas wins face-off versus Sean Couturier in Vegas Golden Knights zone.
2:34 of 1st period - Slapshot by Mark Stone.
2:34 of 1st period - Shot Blocked by Eric Staal.
2:36 of 1st period - Slapshot by Evander Kane.
2:36 of 1st period - Stopped by Alexandar Georgiev without a rebound.
2:37 of 1st period - Sean Monahan wins face-off versus Jack Eichel in Vegas Golden Knights zone.
2:37 of 1st period - Sean Monahan is hit by Tage Thompson.
2:49 of 1st period - Slapshot by Tage Thompson.
2:49 of 1st period - Deflect By Mark Stone.
2:49 of 1st period - Shot Blocked by Marc-Edouard Vlasic.
2:49 of 1st period - Puck is out of play.
2:50 of 1st period - Sean Couturier wins face-off versus Robert Thomas in Vegas Golden Knights zone.
3:05 of 1st period - Wrist shot by Robert Thomas.
3:05 of 1st period - Shot Misses the Net.
3:43 of 1st period - Slapshot by Jack Eichel.
3:43 of 1st period - Deflect By Mark Stone.
3:43 of 1st period - Shot Misses the Net.
3:43 of 1st period - Puck is out of play.
3:44 of 1st period - Sean Couturier wins face-off versus Jack Eichel in Vegas Golden Knights zone.
3:44 of 1st period - Sean Couturier is hit by Alex Pietrangelo.
3:56 of 1st period - Travis Hamonic is hit by Evander Kane and loses puck.
4:01 of 1st period - Penalty to Roman Josi is over, Roman Josi is back on ice.
4:15 of 1st period - Wrist shot by Lawson Crouse.
4:15 of 1st period - Shot Misses the Net.
4:17 of 1st period - Snap shot by Lawson Crouse.
4:17 of 1st period - Shot Blocked by Travis Hamonic.
4:19 of 1st period - Snap shot by Andrew Copp.
4:19 of 1st period - Shot Blocked by John Marino.
4:35 of 1st period - John Marino is hit by Tage Thompson and loses puck.
4:52 of 1st period - Snap shot by Jack Eichel.
4:52 of 1st period - Shot Misses the Net.
5:13 of 1st period - Wrist shot by Sean Couturier.
5:13 of 1st period - Shot Blocked by Colton Parayko.
5:47 of 1st period - Slapshot by Tage Thompson.
5:47 of 1st period - Shot Misses the Net.
5:55 of 1st period - Wrist shot by Reilly Smith.
5:55 of 1st period - Stopped by Scott Wedgewood with a rebound.
6:07 of 1st period - Slapshot by Nikolaj Ehlers.
6:07 of 1st period - Stopped by Scott Wedgewood with a rebound.
6:09 of 1st period - Wrist shot by Jack Roslovic.
6:09 of 1st period - Shot Misses the Net.
6:11 of 1st period - Slapshot by Marc-Edouard Vlasic.
6:11 of 1st period - Shot Blocked by Nick Leddy.
6:15 of 1st period - Snap shot by Nikolaj Ehlers.
6:15 of 1st period - Shot Misses the Net.
6:39 of 1st period - Mark Stone is hit by Marc Staal and loses puck.
7:48 of 1st period - Nico Sturm is hit by Jonathan Drouin.
8:03 of 1st period - Snap shot by Lawson Crouse.
8:03 of 1st period - Stopped by Alexandar Georgiev without a rebound.
8:04 of 1st period - Tage Thompson wins face-off versus Sean Monahan in Vegas Golden Knights zone.
8:13 of 1st period - Robert Thomas is hit by Sean Monahan and loses puck.
8:24 of 1st period - Wrist shot by Chris Kreider.
8:24 of 1st period - Stopped by Scott Wedgewood with a rebound.
8:26 of 1st period - Slapshot by Roman Josi.
8:26 of 1st period - Stopped by Scott Wedgewood with a rebound.
8:28 of 1st period - Slapshot by Shea Theodore.
8:28 of 1st period - Stopped by Scott Wedgewood without a rebound.
8:29 of 1st period - Sean Couturier wins face-off versus Jack Eichel in St.Louis Blues zone.
9:22 of 1st period - Slapshot by Chris Kreider.
9:22 of 1st period - Shot Misses the Net.
9:24 of 1st period - Slapshot by Roman Josi.
9:24 of 1st period - Shot Misses the Net.
9:26 of 1st period - Snap shot by Joe Pavelski.
9:26 of 1st period - Stopped by Scott Wedgewood without a rebound.
9:27 of 1st period - Sean Couturier wins face-off versus Jack Eichel in St.Louis Blues zone.
9:53 of 1st period - Icing by Mark Stone.
9:54 of 1st period - Sean Monahan wins face-off versus Elias Pettersson in St.Louis Blues zone.
10:41 of 1st period - Icing by Reilly Smith.
10:42 of 1st period - Yanni Gourde wins face-off versus Jordan Staal in Vegas Golden Knights zone.
10:57 of 1st period - Evander Kane is hit by Jordan Staal and loses puck.
11:14 of 1st period - Snap shot by Sean Couturier.
11:14 of 1st period - Shot Misses the Net.
11:24 of 1st period - Snap shot by Evander Kane.
11:24 of 1st period - Shot Blocked by Joe Pavelski.
11:38 of 1st period - Slapshot by Chris Kreider.
11:38 of 1st period - Shot Hit the Post.
11:58 of 1st period - Slapshot by Alex Chiasson.
11:58 of 1st period - Shot Misses the Net.
12:18 of 1st period - Wrist shot by Mark Stone.
12:18 of 1st period - Stopped by Alexandar Georgiev without a rebound.
12:19 of 1st period - Sean Monahan wins face-off versus Robert Thomas in Vegas Golden Knights zone.
12:19 of 1st period - Sean Monahan is hit by Jake Sanderson.
12:41 of 1st period - Minor Penalty to Tage Thompson for Holding.
12:42 of 1st period - Joe Pavelski wins face-off versus Andrew Copp in St.Louis Blues zone.
12:43 of 1st period - Slapshot by Chris Kreider.
12:43 of 1st period - Stopped by Scott Wedgewood with a rebound.
13:21 of 1st period - Slapshot by Joe Pavelski.
13:21 of 1st period - Goal by Joe Pavelski - Vegas Golden Knights : 1 - St.Louis Blues : 0.
13:22 of 1st period - Robert Thomas wins face-off versus Sean Couturier in neutral zone.
13:29 of 1st period - Slapshot by Robert Thomas.
13:29 of 1st period - Shot Misses the Net.
13:31 of 1st period - Minor Penalty to Travis Hamonic for Roughing.
13:32 of 1st period - Robert Thomas wins face-off versus Eric Staal in Vegas Golden Knights zone.
13:47 of 1st period - Snap shot by Sean Monahan.
13:47 of 1st period - Stopped by Scott Wedgewood with a rebound.
13:49 of 1st period - Slapshot by Marc-Edouard Vlasic.
13:49 of 1st period - Deflect By Sean Couturier.
13:49 of 1st period - Shot Blocked by Tage Thompson.
13:49 of 1st period - Puck is out of play.
13:50 of 1st period - Eric Staal wins face-off versus Jack Eichel in St.Louis Blues zone.
13:51 of 1st period - Snap shot by Jordan Staal.
13:51 of 1st period - Shot Misses the Net.
13:53 of 1st period - Slapshot by John Marino.
13:53 of 1st period - Shot Blocked by Evander Kane.
13:55 of 1st period - Slapshot by John Marino.
13:55 of 1st period - Stopped by Scott Wedgewood with a rebound.
14:04 of 1st period - Slapshot by Shea Theodore.
14:04 of 1st period - Stopped by Scott Wedgewood without a rebound.
14:05 of 1st period - Sean Couturier wins face-off versus Robert Thomas in St.Louis Blues zone.
14:32 of 1st period - Jack Eichel is hit by Jordan Staal and loses puck.
15:31 of 1st period - Penalty to Travis Hamonic is over, Travis Hamonic is back on ice.
16:39 of 1st period - Wrist shot by Tyler Bertuzzi.
16:39 of 1st period - Stopped by Scott Wedgewood without a rebound.
16:40 of 1st period - Jack Eichel wins face-off versus Jordan Staal in St.Louis Blues zone.
16:47 of 1st period - Snap shot by Jack Eichel.
16:47 of 1st period - Stopped by Alexandar Georgiev with a rebound.
17:18 of 1st period - Snap shot by Nikolaj Ehlers.
17:18 of 1st period - Shot Blocked by Colton Parayko.
17:20 of 1st period - Slapshot by Shea Theodore.
17:20 of 1st period - Shot Blocked by Colton Parayko.
17:22 of 1st period - Slapshot by Shea Theodore.
17:22 of 1st period - Stopped by Scott Wedgewood without a rebound.
17:23 of 1st period - Robert Thomas wins face-off versus Sean Couturier in St.Louis Blues zone.
17:23 of 1st period - Robert Thomas is hit by Marc Staal.
17:31 of 1st period - Marc Staal is hit by Elias Pettersson and loses puck.
18:12 of 1st period - Shea Theodore is hit by Adam Pelech and loses puck.
18:59 of 1st period - Backhand shot by Alex Tuch.
18:59 of 1st period - Shot Blocked by Eric Staal.
19:01 of 1st period - Snap shot by Evander Kane.
19:01 of 1st period - Stopped by Alexandar Georgiev without a rebound.
19:02 of 1st period - Sean Monahan wins face-off versus Yanni Gourde in Vegas Golden Knights zone.
19:17 of 1st period - Wrist shot by Evander Kane.
19:17 of 1st period - Stopped by Alexandar Georgiev without a rebound.
19:18 of 1st period - Sean Couturier wins face-off versus Robert Thomas in Vegas Golden Knights zone.
19:45 of 1st period - Jake Guentzel is hit by Chris Kreider and loses puck.
19:56 of 1st period - Slapshot by Jack Eichel.
19:56 of 1st period - Goal by Jack Eichel - Vegas Golden Knights : 1 - St.Louis Blues : 1.
19:57 of 1st period - Robert Thomas wins face-off versus Sean Monahan in neutral zone.
Goals for this period are 1 for Vegas Golden Knights vs 1 for St.Louis Blues.
Shots for this period are 13 for Vegas Golden Knights vs 7 for St.Louis Blues.
2nd period
0:01 of 2nd period - Sean Monahan wins face-off versus Elias Pettersson in neutral zone.
0:05 of 2nd period - Off-side.
0:06 of 2nd period - Robert Thomas wins face-off versus Chris Kreider in neutral zone.
0:09 of 2nd period - Wrist shot by Tage Thompson.
0:09 of 2nd period - Shot Misses the Net.
0:37 of 2nd period - Slapshot by Sean Monahan.
0:37 of 2nd period - Stopped by Scott Wedgewood without a rebound.
0:38 of 2nd period - Jordan Staal wins face-off versus Mark Stone in St.Louis Blues zone.
1:06 of 2nd period - Wrist shot by Nikolaj Ehlers.
1:06 of 2nd period - Shot Misses the Net.
1:08 of 2nd period - Snap shot by Nikolaj Ehlers.
1:08 of 2nd period - Shot Misses the Net.
1:10 of 2nd period - Wrist shot by Marc-Edouard Vlasic.
1:10 of 2nd period - Stopped by Scott Wedgewood with a rebound.
1:12 of 2nd period - Snap shot by Jack Roslovic.
1:12 of 2nd period - Shot Misses the Net.
1:14 of 2nd period - Wrist shot by Jack Roslovic.
1:14 of 2nd period - Stopped by Scott Wedgewood with a rebound.
1:16 of 2nd period - Slapshot by Marc-Edouard Vlasic.
1:16 of 2nd period - Stopped by Scott Wedgewood with a rebound.
1:29 of 2nd period - Icing by Robert Thomas.
1:30 of 2nd period - Alex Chiasson wins face-off versus Robert Thomas in St.Louis Blues zone.
1:37 of 2nd period - Wrist shot by Tage Thompson.
1:37 of 2nd period - Stopped by Alexandar Georgiev without a rebound.
1:38 of 2nd period - Robert Thomas wins face-off versus Sean Monahan in Vegas Golden Knights zone.
1:45 of 2nd period - Slapshot by Robert Thomas.
1:45 of 2nd period - Goal by Robert Thomas - Vegas Golden Knights : 1 - St.Louis Blues : 2.
1:46 of 2nd period - Sean Monahan wins face-off versus Robert Thomas in neutral zone.
2:01 of 2nd period - Wrist shot by Robert Thomas.
2:01 of 2nd period - Stopped by Alexandar Georgiev without a rebound.
2:02 of 2nd period - Jordan Staal wins face-off versus Jack Eichel in Vegas Golden Knights zone.
2:27 of 2nd period - Alex Pietrangelo is hit by Sean Couturier and loses puck.
2:36 of 2nd period - Wrist shot by Nikolaj Ehlers.
2:36 of 2nd period - Shot Misses the Net.
3:00 of 2nd period - Wrist shot by Jack Eichel.
3:00 of 2nd period - Stopped by Alexandar Georgiev with a rebound.
3:10 of 2nd period - Snap shot by Jake Guentzel.
3:10 of 2nd period - Stopped by Alexandar Georgiev with a rebound.
3:30 of 2nd period - Snap shot by Jake Guentzel.
3:30 of 2nd period - Shot Blocked by Jack Roslovic.
3:32 of 2nd period - Wrist shot by Mark Stone.
3:32 of 2nd period - Shot Blocked by Sean Couturier.
3:34 of 2nd period - Backhand shot by Jake Guentzel.
3:34 of 2nd period - Stopped by Alexandar Georgiev with a rebound.
3:36 of 2nd period - Snap shot by Alex Pietrangelo.
3:36 of 2nd period - Stopped by Alexandar Georgiev with a rebound.
3:38 of 2nd period - Slapshot by Alex Pietrangelo.
3:38 of 2nd period - Stopped by Alexandar Georgiev with a rebound.
3:48 of 2nd period - Snap shot by Jake Guentzel.
3:48 of 2nd period - Stopped by Alexandar Georgiev with a rebound.
3:50 of 2nd period - Snap shot by Jake Guentzel.
3:50 of 2nd period - Shot Hit the Post.
3:52 of 2nd period - Wrist shot by Colton Parayko.
3:52 of 2nd period - Stopped by Alexandar Georgiev without a rebound.
3:53 of 2nd period - Robert Thomas wins face-off versus Sean Monahan in Vegas Golden Knights zone.
4:00 of 2nd period - Snap shot by Robert Thomas.
4:00 of 2nd period - Shot Misses the Net.
4:02 of 2nd period - Wrist shot by Elias Pettersson.
4:02 of 2nd period - Shot Misses the Net.
4:06 of 2nd period - Wrist shot by Elias Pettersson.
4:06 of 2nd period - Goal by Elias Pettersson - Vegas Golden Knights : 1 - St.Louis Blues : 3.
4:07 of 2nd period - Robert Thomas wins face-off versus Sean Monahan in neutral zone.
4:12 of 2nd period - Slapshot by Elias Pettersson.
4:12 of 2nd period - Shot Blocked by John Marino.
4:14 of 2nd period - Minor Penalty to Marc Staal for Interference.
4:15 of 2nd period - Eric Staal wins face-off versus Robert Thomas in Vegas Golden Knights zone.
4:15 of 2nd period - Eric Staal is hit by Mikhail Sergachev.
6:14 of 2nd period - Penalty to Marc Staal is over, Marc Staal is back on ice.
6:59 of 2nd period - Off-side.
7:00 of 2nd period - Nico Sturm wins face-off versus Sean Couturier in neutral zone.
7:03 of 2nd period - Slapshot by Alex Pietrangelo.
7:03 of 2nd period - Stopped by Alexandar Georgiev without a rebound.
7:04 of 2nd period - Jack Roslovic wins face-off versus Nico Sturm in Vegas Golden Knights zone.
7:11 of 2nd period - Slapshot by Shea Theodore.
7:11 of 2nd period - Deflect By Sean Couturier.
7:11 of 2nd period - Shot Misses the Net.
7:11 of 2nd period - Puck is out of play.
7:12 of 2nd period - Robert Thomas wins face-off versus Sean Monahan in St.Louis Blues zone.
7:12 of 2nd period - Robert Thomas is hit by Joe Pavelski.
7:25 of 2nd period - Minor Penalty to Tage Thompson for Holding.
7:26 of 2nd period - Sean Couturier wins face-off versus Nico Sturm in St.Louis Blues zone.
7:33 of 2nd period - Icing by Jack Roslovic.
7:34 of 2nd period - Andrew Copp wins face-off versus Sean Couturier in Vegas Golden Knights zone.
7:37 of 2nd period - Wrist shot by Lawson Crouse.
7:37 of 2nd period - Shot Misses the Net.
7:39 of 2nd period - Slapshot by Colton Parayko.
7:39 of 2nd period - Stopped by Alexandar Georgiev without a rebound.
7:40 of 2nd period - Sean Couturier wins face-off versus Andrew Copp in Vegas Golden Knights zone.
8:06 of 2nd period - Jake Sanderson is hit by Alex Chiasson.
9:25 of 2nd period - Penalty to Tage Thompson is over, Tage Thompson is back on ice.
9:49 of 2nd period - Slapshot by Elias Pettersson.
9:49 of 2nd period - Stopped by Alexandar Georgiev with a rebound.
10:29 of 2nd period - Snap shot by Tyler Bertuzzi.
10:29 of 2nd period - Stopped by Scott Wedgewood with a rebound.
10:35 of 2nd period - Snap shot by Elias Pettersson.
10:35 of 2nd period - Shot Blocked by Alex Chiasson.
10:37 of 2nd period - Slapshot by Nick Leddy.
10:37 of 2nd period - Stopped by Alexandar Georgiev with a rebound.
10:51 of 2nd period - Wrist shot by Elias Pettersson.
10:51 of 2nd period - Stopped by Alexandar Georgiev without a rebound.
10:52 of 2nd period - Jack Eichel wins face-off versus Sean Monahan in Vegas Golden Knights zone.
11:05 of 2nd period - Backhand shot by Sean Monahan.
11:05 of 2nd period - Shot Misses the Net.
11:07 of 2nd period - Snap shot by Chris Kreider.
11:07 of 2nd period - Shot Misses the Net.
11:09 of 2nd period - Wrist shot by Joe Pavelski.
11:09 of 2nd period - Vegas Golden Knights goal is going for a video replay.
11:09 of 2nd period - The goal is refused. The net was displaced accidentally..
11:10 of 2nd period - Sean Couturier wins face-off versus Yanni Gourde in St.Louis Blues zone.
11:39 of 2nd period - Jake Guentzel is hit by Travis Hamonic and loses puck.
11:44 of 2nd period - Backhand shot by Sean Monahan.
11:44 of 2nd period - Shot Blocked by Jack Eichel.
11:46 of 2nd period - Wrist shot by Joe Pavelski.
11:46 of 2nd period - Shot Misses the Net.
11:48 of 2nd period - Slapshot by Marc-Edouard Vlasic.
11:48 of 2nd period - Shot Blocked by Colton Parayko.
11:50 of 2nd period - Wrist shot by Chris Kreider.
11:50 of 2nd period - Shot Blocked by Alex Pietrangelo.
11:57 of 2nd period - Icing by Jake Guentzel.
11:58 of 2nd period - Sean Couturier wins face-off versus Jack Eichel in St.Louis Blues zone.
12:04 of 2nd period - Icing by Alex Pietrangelo.
12:05 of 2nd period - Sean Monahan wins face-off versus Jack Eichel in St.Louis Blues zone.
12:06 of 2nd period - Slapshot by Chris Kreider.
12:06 of 2nd period - Stopped by Scott Wedgewood without a rebound.
12:07 of 2nd period - Robert Thomas wins face-off versus Sean Monahan in St.Louis Blues zone.
12:31 of 2nd period - Snap shot by Chris Kreider.
12:31 of 2nd period - Shot Blocked by Robert Thomas.
12:45 of 2nd period - Wrist shot by Chris Kreider.
12:45 of 2nd period - Shot Blocked by Elias Pettersson.
12:47 of 2nd period - Wrist shot by Sean Monahan.
12:47 of 2nd period - Stopped by Scott Wedgewood without a rebound.
12:48 of 2nd period - Tyler Bertuzzi wins face-off versus Jake Guentzel in St.Louis Blues zone.
12:52 of 2nd period - Minor Penalty to Jake Guentzel for Hooking.
12:53 of 2nd period - Nico Sturm wins face-off versus Sean Couturier in St.Louis Blues zone.
12:53 of 2nd period - Nico Sturm is hit by Jack Roslovic.
13:24 of 2nd period - Slapshot by Nico Sturm.
13:24 of 2nd period - Goal by Nico Sturm - Vegas Golden Knights : 1 - St.Louis Blues : 4.
13:25 of 2nd period - Sean Couturier wins face-off versus Nico Sturm in neutral zone.
13:32 of 2nd period - Nico Sturm is hit by Sean Couturier.
13:38 of 2nd period - Snap shot by Nico Sturm.
13:38 of 2nd period - Stopped by Alexandar Georgiev with a rebound.
13:40 of 2nd period - Snap shot by Yanni Gourde.
13:40 of 2nd period - Stopped by Alexandar Georgiev with a rebound.
13:58 of 2nd period - Adam Pelech is hit by Tyler Bertuzzi and loses puck.
14:07 of 2nd period - Lawson Crouse is hit by Reilly Smith and loses puck.
14:52 of 2nd period - Penalty to Jake Guentzel is over, Jake Guentzel is back on ice.
15:00 of 2nd period - Nico Sturm is hit by Alex Chiasson and loses puck.
15:19 of 2nd period - Slapshot by Jake Guentzel.
15:19 of 2nd period - Shot Misses the Net.
15:21 of 2nd period - Slapshot by Alex Pietrangelo.
15:21 of 2nd period - Deflect By Roman Josi.
15:21 of 2nd period - Stopped by Alexandar Georgiev with a rebound.
15:23 of 2nd period - Snap shot by Elias Pettersson.
15:23 of 2nd period - Deflect By Robert Thomas.
15:23 of 2nd period - Stopped by Alexandar Georgiev without a rebound.
15:24 of 2nd period - Robert Thomas wins face-off versus Eric Staal in Vegas Golden Knights zone.
15:25 of 2nd period - Snap shot by Tage Thompson.
15:25 of 2nd period - Shot Misses the Net.
15:27 of 2nd period - Slapshot by Alex Pietrangelo.
15:27 of 2nd period - Stopped by Alexandar Georgiev without a rebound.
15:28 of 2nd period - Eric Staal wins face-off versus Robert Thomas in Vegas Golden Knights zone.
15:34 of 2nd period - Off-side.
15:35 of 2nd period - Elias Pettersson wins face-off versus Sean Monahan in neutral zone.
16:36 of 2nd period - Minor Penalty to Travis Hamonic for Roughing.
16:37 of 2nd period - Eric Staal wins face-off versus Robert Thomas in Vegas Golden Knights zone.
17:11 of 2nd period - Slapshot by Mark Stone.
17:11 of 2nd period - Deflect By Evander Kane.
17:11 of 2nd period - Shot Blocked by Eric Staal.
17:11 of 2nd period - Puck is out of play.
17:12 of 2nd period - Robert Thomas wins face-off versus Eric Staal in Vegas Golden Knights zone.
17:32 of 2nd period - Slapshot by Sean Couturier.
17:32 of 2nd period - Goal by Sean Couturier - Vegas Golden Knights : 2 - St.Louis Blues : 4.
17:33 of 2nd period - Robert Thomas wins face-off versus Eric Staal in neutral zone.
17:38 of 2nd period - Slapshot by Tage Thompson.
17:38 of 2nd period - Stopped by Alexandar Georgiev with a rebound.
18:15 of 2nd period - Tage Thompson is hit by Marc-Edouard Vlasic.
18:27 of 2nd period - Marc-Edouard Vlasic is hit by Jake Guentzel and loses puck.
18:36 of 2nd period - Penalty to Travis Hamonic is over, Travis Hamonic is back on ice.
19:22 of 2nd period - Slapshot by Roman Josi.
19:22 of 2nd period - Stopped by Scott Wedgewood with a rebound.
19:24 of 2nd period - Snap shot by Tyler Bertuzzi.
19:24 of 2nd period - Stopped by Scott Wedgewood without a rebound.
19:25 of 2nd period - Robert Thomas wins face-off versus Jordan Staal in St.Louis Blues zone.
19:30 of 2nd period - Slapshot by Tage Thompson.
19:30 of 2nd period - Shot Misses the Net.
19:46 of 2nd period - Icing by Mikhail Sergachev.
19:47 of 2nd period - Robert Thomas wins face-off versus Sean Monahan in St.Louis Blues zone.
19:54 of 2nd period - Wrist shot by Robert Thomas.
19:54 of 2nd period - Stopped by Alexandar Georgiev with a rebound.
Goals for this period are 1 for Vegas Golden Knights vs 3 for St.Louis Blues.
Shots for this period are 11 for Vegas Golden Knights vs 24 for St.Louis Blues.
3rd period
0:01 of 3rd period - Robert Thomas wins face-off versus Tyler Bertuzzi in neutral zone.
0:10 of 3rd period - Snap shot by Tage Thompson.
0:10 of 3rd period - Shot Misses the Net.
0:12 of 3rd period - Minor Penalty to Jordan Staal for Hooking.
0:13 of 3rd period - Sean Couturier wins face-off versus Robert Thomas in Vegas Golden Knights zone.
0:22 of 3rd period - Slapshot by Jake Guentzel.
0:22 of 3rd period - Shot Misses the Net.
0:24 of 3rd period - Slapshot by Tage Thompson.
0:24 of 3rd period - Stopped by Alexandar Georgiev with a rebound.
2:12 of 3rd period - Penalty to Jordan Staal is over, Jordan Staal is back on ice.
2:16 of 3rd period - Sean Monahan is hit by Lawson Crouse and loses puck.
2:53 of 3rd period - Eric Staal is hit by Jack Eichel and loses puck.
3:32 of 3rd period - Eric Staal is hit by Lawson Crouse and loses puck.
3:51 of 3rd period - John Marino is hit by Mikhail Sergachev and loses puck.
4:57 of 3rd period - Wrist shot by Alex Chiasson.
4:57 of 3rd period - Stopped by Scott Wedgewood without a rebound.
4:58 of 3rd period - Jonathan Drouin wins face-off versus Nico Sturm in St.Louis Blues zone.
5:03 of 3rd period - Slapshot by Alex Chiasson.
5:03 of 3rd period - Shot Misses the Net.
5:09 of 3rd period - Travis Hamonic is hit by Nico Sturm and loses puck.
5:31 of 3rd period - Tage Thompson is hit by Joe Pavelski and loses puck.
6:02 of 3rd period - Minor Penalty to Marc Staal for Boarding.
6:03 of 3rd period - Robert Thomas wins face-off versus Sean Couturier in Vegas Golden Knights zone.
6:14 of 3rd period - Snap shot by Jake Guentzel.
6:14 of 3rd period - Shot Misses the Net.
6:30 of 3rd period - Mark Stone is hit by John Marino and loses puck.
8:02 of 3rd period - Penalty to Marc Staal is over, Marc Staal is back on ice.
8:25 of 3rd period - Joe Pavelski is hit by Andrew Copp and loses puck.
8:32 of 3rd period - Nico Sturm is hit by Reilly Smith and loses puck.
8:45 of 3rd period - Snap shot by Tyler Bertuzzi.
8:45 of 3rd period - Stopped by Scott Wedgewood with a rebound.
8:47 of 3rd period - Slapshot by Marc-Edouard Vlasic.
8:47 of 3rd period - Stopped by Scott Wedgewood with a rebound.
8:49 of 3rd period - Snap shot by Joe Pavelski.
8:49 of 3rd period - Shot Blocked by Alex Tuch.
9:21 of 3rd period - Wrist shot by Joe Pavelski.
9:21 of 3rd period - Stopped by Scott Wedgewood with a rebound.
9:29 of 3rd period - Slapshot by Joe Pavelski.
9:29 of 3rd period - Shot Blocked by Lawson Crouse.
9:31 of 3rd period - Snap shot by Joe Pavelski.
9:31 of 3rd period - Stopped by Scott Wedgewood without a rebound.
9:32 of 3rd period - Robert Thomas wins face-off versus Sean Couturier in St.Louis Blues zone.
10:01 of 3rd period - Off-side.
10:02 of 3rd period - Jack Eichel wins face-off versus Sean Couturier in neutral zone.
10:11 of 3rd period - Snap shot by Mark Stone.
10:11 of 3rd period - Shot Misses the Net.
10:43 of 3rd period - Wrist shot by Robert Thomas.
10:43 of 3rd period - Stopped by Alexandar Georgiev without a rebound.
10:44 of 3rd period - Yanni Gourde wins face-off versus Sean Couturier in Vegas Golden Knights zone.
11:34 of 3rd period - Mark Stone is hit by Jordan Staal and loses puck.
12:35 of 3rd period - Minor Penalty to Shea Theodore for Holding.
12:36 of 3rd period - Sean Couturier wins face-off versus Robert Thomas in Vegas Golden Knights zone.
12:36 of 3rd period - Sean Couturier is hit by Mikhail Sergachev.
14:35 of 3rd period - Penalty to Shea Theodore is over, Shea Theodore is back on ice.
14:39 of 3rd period - Slapshot by Marc-Edouard Vlasic.
14:39 of 3rd period - Deflect By Shea Theodore.
14:39 of 3rd period - Goal by Shea Theodore - Vegas Golden Knights : 3 - St.Louis Blues : 4.
14:40 of 3rd period - Sean Monahan wins face-off versus Nico Sturm in neutral zone.
14:57 of 3rd period - Snap shot by Sean Monahan.
14:57 of 3rd period - Deflect By Chris Kreider.
14:57 of 3rd period - Stopped by Scott Wedgewood without a rebound.
14:58 of 3rd period - Sean Couturier wins face-off versus Tage Thompson in St.Louis Blues zone.
15:01 of 3rd period - Snap shot by Nikolaj Ehlers.
15:01 of 3rd period - Shot Blocked by Elias Pettersson.
15:13 of 3rd period - Wrist shot by Sean Couturier.
15:13 of 3rd period - Stopped by Scott Wedgewood with a rebound.
15:25 of 3rd period - Minor Penalty to Evander Kane for Holding.
15:26 of 3rd period - Joe Pavelski wins face-off versus Nico Sturm in St.Louis Blues zone.
15:41 of 3rd period - Snap shot by Joe Pavelski.
15:41 of 3rd period - Shot Blocked by Adam Pelech.
15:43 of 3rd period - Slapshot by Tyler Bertuzzi.
15:43 of 3rd period - Stopped by Scott Wedgewood with a rebound.
17:18 of 3rd period - Sean Couturier is hit by Andrew Copp and loses puck.
17:25 of 3rd period - Penalty to Evander Kane is over, Evander Kane is back on ice.
18:47 of 3rd period - Wrist shot by Robert Thomas.
18:47 of 3rd period - Stopped by Alexandar Georgiev with a rebound.
18:49 of 3rd period - Wrist shot by Robert Thomas.
18:49 of 3rd period - Shot Misses the Net.
19:07 of 3rd period - Vegas Golden Knights, Alexandar Georgiev is pulled from the net.
19:07 of 3rd period - Snap shot by Chris Kreider.
19:07 of 3rd period - Stopped by Scott Wedgewood without a rebound.
19:08 of 3rd period - Lindy Ruff call a timeout for Vegas Golden Knights.
19:08 of 3rd period - Joe Pavelski wins face-off versus Nico Sturm in St.Louis Blues zone.
19:11 of 3rd period - Wrist shot by Chris Kreider.
19:11 of 3rd period - Stopped by Scott Wedgewood with a rebound.
19:16 of 3rd period - Off-side.
19:17 of 3rd period - Nico Sturm wins face-off versus Joe Pavelski in neutral zone.
19:44 of 3rd period - Icing by Mikhail Sergachev.
19:45 of 3rd period - Chris Kreider wins face-off versus Yanni Gourde in St.Louis Blues zone.
Goals for this period are 1 for Vegas Golden Knights vs 0 for St.Louis Blues.
Shots for this period are 11 for Vegas Golden Knights vs 3 for St.Louis Blues.
Back to the Top